[Event "Titled Tuesday Blitz August 16 Early 2022"]
[White "Melikhov, Evgeny V."]
[Black "Navarrete Mendez, Gonzalo Alberto"]
[WhiteFideId "4122046"]
[BlackFideId "5106850"]
[WhiteElo "1963"]
[BlackElo "2261"]
[Result "0-1"]
[Round "10"]
[TimeControl "180+2"]
[Date "2022.08.18"]
[WhiteClock "0:00:00"]
[BlackClock "0:00:00"]

1. d4 d5 2. c4 dxc4 3. Nf3 a6 4. e3 Bg4 5. Bxc4 e6 6. h3 Bh5 7. Nc3 Nc6 8. g4 Bg6 9. Bf1 Nf6 10. g5 Ne4 11. Nxe4 Bxe4 12. Bg2 Bb4+ 13. Bd2 Qd5 14. Bxb4 Nxb4 15. O-O h6 16. g6 fxg6 17. a3 O-O 18. Nh4 Bxg2 19. Nxg2 Nc6 20. Nf4 Qe4 21. Qg4 Rf6 22. Ne2 Qd3 23. Ng3 Raf8 24. Rad1 Qc2 25. Qe2 Qb3 26. f4 Ne7 27. Ne4 R6f7 28. Nc5 Qd5 29. Qg2 Qh5 30. Qg4 Nd5 31. Qxh5 gxh5 32. Rd3 b6 33. Nxe6 Re8 34. f5 Nf6 35. d5 Ne4 36. Rf4 Ng3 37. e4 Ne2+ 38. Kf2 Nxf4 39. Nxf4 Rxe4 40. Kf3 Re1 41. Re3 Rxe3+ 42. Kxe3 Rxf5 43. Ke4 Rg5 44. Ne6 Rg3 45. Nxc7 Kf7 46. d6 Rxh3 47. Nd5 Rh4+ 48. Ke5 Ke8 49. Ke6 Re4+ 50. Kf5 Rd4 51. Ke5 Rd1 52. Ke6 Re1+ 53. Kf5 Kd7 54. Nxb6+ Kxd6 55. Nc4+ Kc5 56. Ne5 Re2 57. Kg6 Rxe5 58. Kxg7 Re2 0-1


[Site "https://www.chess.com"]

[Event "Titled Tuesday Blitz August 16 Early 2022"]
[White "Melikyan, Gnel"]
[Black "Namitbir Singh Walia"]
[WhiteFideId "54109990"]
[BlackFideId "35071068"]
[WhiteElo "1772"]
[BlackElo "1664"]
[Result "0-1"]
[Round "10"]
[TimeControl "180+1"]
[Date "2022.08.16"]
[WhiteClock "0:00:06"]
[BlackClock "0:00:14"]

1. e4 c5 2. Nf3 Nc6 3. Bb5 g6 4. O-O Bg7 5. c3 e5 6. d3 Nge7 7. Be3 d6 8. Qd2 O-O 9. Bh6 f5 10. Bxg7 Kxg7 11. Na3 f4 12. d4 Qc7 13. dxe5 dxe5 14. Rad1 Bg4 15. Qd6 Qxd6 16. Rxd6 Bxf3 17. gxf3 Rad8 18. Rfd1 Rxd6 19. Rxd6 Rd8 20. Nc4 Rxd6 21. Nxd6 Nd8 22. b4 cxb4 23. cxb4 Nec6 24. Bxc6 Nxc6 25. a3 b6 26. Kg2 a6 27. b5 axb5 28. Nxb5 Kf6 29. Nc7 Kf7 30. a4 Na5 31. Kh3 Nc4 32. Nd5 h5 33. Kg2 Ke6 34. Kh3 g5 35. Kg2 Kd6 36. Nf6 Nb2 37. Nxh5 Nxa4 38. Nf6 Nc3 39. Kf1 Nb5 40. Nh7 Nd4 41. Nxg5 b5 42. Ke1 Ke7 43. Kd2 Kf6 44. h4 Kg6 45. Kd3 b4 46. Kc4 b3 47. Kc3 Kh5 48. Nf7 Nxf3 49. Kxb3 Kg6 50. Nd6 Kh5 51. Kc4 Kxh4 52. Kd5 Kh3 53. Nc4 Kg2 54. Ke6 Kxf2 55. Kf5 Kg3 56. Nb2 Ne1 57. Kxe5 f3 58. Nd1 Nd3+ 59. Kd4 Nf2 60. Ne3 Ng4 61. Nd1 Kf4 62. Kd5 Ne3+ 63. Nxe3 Kxe3 64. e5 f2 65. e6 f1=Q 66. e7 Qf7+ 67. Kd6 Qe8 0-1


[Site "https://www.chess.com"]

[Event "Titled Tuesday Blitz August 16 Early 2022"]
[White "Mirimanian, Hayk"]
[Black "Gomez Ledo, Roberto Carlos"]
[WhiteFideId "4700180"]
[BlackFideId "3507076"]
[WhiteElo "2280"]
[BlackElo "2379"]
[Result "1-0"]
[Round "10"]
[TimeControl "180+1"]
[Date "2022.08.16"]
[WhiteClock "0:00:21"]
[BlackClock "0:00:09"]

1. d4 Nf6 2. c4 e6 3. Nc3 Bb4 4. e3 O-O 5. Bd3 d5 6. a3 Bxc3+ 7. bxc3 c5 8. cxd5 exd5 9. Ne2 b6 10. O-O Ba6 11. f3 Re8 12. Ng3 Bxd3 13. Qxd3 Nc6 14. Bb2 Na5 15. Rae1 Qc7 16. e4 cxd4 17. cxd4 Qc4 18. Qd1 Qb3 19. Qe2 Rac8 20. Rf2 Nc4 21. Bc1 Nxa3 22. e5 Nd7 23. f4 Nc2 24. Ref1 Nxd4 25. Qg4 Nf8 26. f5 Nc6 27. Nh5 Ng6 28. fxg6 fxg6 29. Ng3 Nxe5 30. Qd4 Qc4 31. Bb2 Qxd4 32. Bxd4 Nc6 33. Bb2 Rf8 34. Rd1 Rxf2 35. Kxf2 Rd8 36. Ne2 b5 37. Rc1 Ne5 38. Bxe5 a5 39. Rc7 b4 40. Rxg7+ Kf8 41. Rxh7 a4 42. Rh8+ Ke7 43. Bf6+ 1-0


[Site "https://www.chess.com"]

[Event "Titled Tuesday Blitz August 16 Early 2022"]
[White "Mouhamad, Joachim"]
[Black "Cramling Bellon, Anna"]
[WhiteFideId "656410"]
[BlackFideId "32009232"]
[WhiteElo "2147"]
[BlackElo "1905"]
[Result "1-0"]
[Round "10"]
[TimeControl "180+2"]
[Date "2022.08.18"]
[WhiteClock "0:00:00"]
[BlackClock "0:00:00"]

1. e4 c5 2. Nf3 e6 3. d4 cxd4 4. Nxd4 Nf6 5. Nc3 Nc6 6. Ndb5 d6 7. Bf4 e5 8. Bg5 a6 9. Na3 b5 10. Nd5 Be7 11. Bxf6 Bxf6 12. c3 Bg5 13. Nc2 Be6 14. Be2 O-O 15. O-O Rb8 16. Qd3 f5 17. Bf3 f4 18. Rfd1 Qd7 19. h3 a5 20. Qe2 Ne7 21. Bg4 Nxd5 22. Rxd5 Bxg4 23. Qxg4 Qxg4 24. hxg4 Be7 25. Kf1 b4 26. cxb4 axb4 27. Ke2 Rfc8 28. Kd3 b3 29. Na3 bxa2 30. Rxa2 Rb3+ 31. Kd2 Rcb8 32. Nc4 R8b4 33. Ra3 Rxa3 34. Nxa3 Rxb2+ 35. Nc2 Kf7 36. f3 Ke6 37. Ra5 Rb7 38. Kc3 Rc7+ 39. Kd3 Rc5 40. Rxc5 dxc5 41. Kc4 g6 42. Ne1 h5 43. gxh5 gxh5 44. Nd3 Kf6 45. Kd5 h4 46. Nxe5 Kg5 47. Nd3 h3 48. gxh3 Kh4 49. Nxf4 Kg3 50. Ng6 1-0


[Site "https://www.chess.com"]

[Event "Titled Tuesday Blitz August 16 Early 2022"]
[White "Nakamura, Hikaru"]
[Black "So, Wesley"]
[WhiteFideId "2016192"]
[BlackFideId "5202213"]
[WhiteElo "2850"]
[BlackElo "2763"]
[Result "1-0"]
[Round "10"]
[TimeControl "180+1"]
[Date "2022.08.16"]
[WhiteClock "0:00:13"]
[BlackClock "0:00:03"]

1. Nf3 d5 2. e3 Nf6 3. c4 dxc4 4. Bxc4 e6 5. d4 c5 6. dxc5 Qxd1+ 7. Kxd1 Bxc5 8. a3 O-O 9. Ke2 Rd8 10. Nbd2 Be7 11. b3 a6 12. Bb2 Nbd7 13. Rhd1 Nc5 14. Kf1 b5 15. Be2 Bb7 16. b4 Na4 17. Bd4 Nd5 18. Rdc1 Rac8 19. Nb3 Ndc3 20. Na5 Be4 21. Ne1 Nxe2 22. Kxe2 f6 23. f3 Ba8 24. Nd3 e5 25. Bc5 Kf7 26. Bxe7 Kxe7 27. e4 Ke6 28. Ke3 g6 29. Nb3 Nb6 30. Ndc5+ Ke7 31. Na5 Rd6 32. Nxa6 Rcd8 33. Rc7+ Kf8 34. Nc5 h5 35. h4 f5 36. Kf2 f4 37. Kg1 Kg8 38. Kh2 Rd2 39. Nc6 Bxc6 40. Rxc6 Nc4 41. Rxg6+ Kf7 42. Rg5 Ne3 43. a4 Rb2 44. axb5 Rdd2 45. Ra7+ Kf6 46. Nd7+ Ke6 47. Nf8+ Kf6 48. Rg6# 1-0


[Site "https://www.chess.com"]

[Event "Titled Tuesday Blitz August 16 Early 2022"]
[White "Nugumanov, Bakhtiyar"]
[Black "Vysochin, Spartak"]
[WhiteFideId "13701797"]
[BlackFideId "14103516"]
[WhiteElo "2287"]
[BlackElo "2355"]
[Result "1-0"]
[Round "10"]
[TimeControl "180+2"]
[Date "2022.08.18"]
[WhiteClock "0:00:00"]
[BlackClock "0:00:00"]

1. Nf3 d5 2. g3 Nf6 3. Bg2 Bf5 4. c4 e6 5. O-O Be7 6. cxd5 exd5 7. d3 O-O 8. Qb3 b6 9. Nc3 c6 10. Bf4 Nbd7 11. Nd4 Be6 12. Nxe6 fxe6 13. e4 Nc5 14. Qc2 dxe4 15. dxe4 Nh5 16. Be3 Qc7 17. b4 Na6 18. a3 Nf6 19. Qb3 Qc8 20. Bh3 Kf7 21. Rac1 Nc7 22. Ne2 Nxe4 23. Nd4 Kg8 24. Rxc6 Qd7 25. Rxc7 Qxc7 26. Nxe6 Qc3 27. Qd5 Nf6 28. Qg5 Rf7 29. Bd4 Qf3 30. Bg2 Qg4 31. Bxf6 Qxg5 32. Bxg5 Bxg5 33. Nxg5 Rff8 34. Bxa8 Rxa8 35. Rd1 Rc8 36. Rd3 h6 37. Nf3 Rc7 38. Kg2 Kf7 39. h4 Ke6 40. Nd4+ Ke5 41. Nb5 Rf7 42. Re3+ Kd5 43. Nc3+ Kd4 44. Ne4 Re7 45. Nd6 Rd7 46. Nf5+ Kc4 47. Re7 Rxe7 48. Nxe7 Kb3 49. Nc6 Kxa3 50. Nxa7 Kxb4 51. Kf3 Kc3 52. Ke4 Kc4 53. f4 b5 54. Nxb5 Kxb5 55. Kf5 Kc6 56. Kg6 Kd6 57. Kxg7 Ke6 58. Kxh6 Kf6 59. g4 Kf7 60. Kh7 Kf8 61. g5 Kf7 62. g6+ Kf8 63. g7+ Kf7 64. g8=Q+ 1-0


[Site "https://www.chess.com"]

[Event "Titled Tuesday Blitz August 16 Early 2022"]
[White "Omelja, Artem"]
[Black "Mika, Tomasz"]
[WhiteFideId "14119846"]
[BlackFideId "1132970"]
[WhiteElo "2382"]
[BlackElo "2126"]
[Result "1-0"]
[Round "10"]
[TimeControl "180+2"]
[Date "2022.08.18"]
[WhiteClock "0:00:00"]
[BlackClock "0:00:00"]

1. d4 Nf6 2. c4 g6 3. Nc3 d5 4. Bg5 Bg7 5. Bxf6 Bxf6 6. cxd5 c6 7. dxc6 Nxc6 8. e3 O-O 9. Nf3 Qb6 10. Qd2 Rd8 11. Be2 Bg4 12. O-O e5 13. d5 Rd7 14. e4 h5 15. Na4 Qd8 16. Nc5 Rc7 17. dxc6 Qxd2 18. Nxd2 Bxe2 19. cxb7 Rb8 20. Rfc1 Bg5 21. Ne6 Bxd2 22. Rxc7 Ba6 23. Nc5 1-0


[Site "https://www.chess.com"]

[Event "Titled Tuesday Blitz August 16 Early 2022"]
[White "Orlov, Georgi"]
[Black "Bintang, Rasyid A. Hidayat"]
[WhiteFideId "2011271"]
[BlackFideId "7105355"]
[WhiteElo "2461"]
[BlackElo "1820"]
[Result "1-0"]
[Round "10"]
[TimeControl "180+2"]
[Date "2022.08.18"]
[WhiteClock "0:00:00"]
[BlackClock "0:00:00"]

1. d4 Nf6 2. Nf3 Rg8 3. c4 e6 4. Nc3 d5 5. Bg5 Be7 6. Qc2 Rh8 7. e3 c6 8. Bd3 h6 9. Bh4 dxc4 10. Bxc4 b5 11. Bb3 Bb7 12. Ne5 Nbd7 13. O-O-O Qb6 14. Kb1 a5 15. a4 b4 16. Nxd7 Nxd7 17. Bxe7 Kxe7 18. Ne4 Rac8 19. Nc5 Rcd8 20. e4 Nxc5 21. dxc5 Qc7 22. g3 Rxd1+ 23. Rxd1 Rd8 24. f4 Ba6 25. e5 Rxd1+ 26. Qxd1 Qd8 27. Qd6+ Qxd6 28. exd6+ Kd7 29. Bc2 Bf1 30. Kc1 Bh3 31. Kd2 Bf5 32. Bd3 Bg4 33. Bc2 Bf5 34. Bd3 Bg4 35. Be4 Bf5 36. Ke3 Bg4 37. Bf3 Bh3 38. Kd4 Bf1 39. h4 Bh3 40. g4 Bf1 41. g5 hxg5 42. fxg5 Bh3 43. Ke5 Bf5 44. h5 Bh7 45. Bd1 1-0


[Site "https://www.chess.com"]

[Event "Titled Tuesday Blitz August 16 Early 2022"]
[White "Padmini, Rout"]
[Black "De La Colina, Nicolas"]
[WhiteFideId "5029295"]
[BlackFideId "30946921"]
[WhiteElo "2181"]
[BlackElo "2046"]
[Result "1-0"]
[Round "10"]
[TimeControl "180+2"]
[Date "2022.08.18"]
[WhiteClock "0:00:00"]
[BlackClock "0:00:00"]

1. e4 c5 2. Nf3 Nc6 3. d4 cxd4 4. Nxd4 Nf6 5. Nc3 d6 6. Be2 g6 7. O-O Bg7 8. Be3 O-O 9. h3 Bd7 10. Qd2 a6 11. Nb3 b5 12. a3 Rc8 13. Bh6 Bxh6 14. Qxh6 Na5 15. Nxa5 Qxa5 16. Bd3 Rxc3 17. bxc3 Qxc3 18. Qe3 Rc8 19. f4 Bc6 20. Rfe1 Nd7 21. Qa7 Ra8 22. Qc7 Qc5+ 23. Kh2 Ra7 24. Qd8+ Nf8 25. e5 Qf2 26. Re2 Qxf4+ 27. Kh1 dxe5 28. Rae1 Qh4 29. Be4 Bxe4 30. Rxe4 Qf2 31. Rxe5 Qxc2 32. Rxe7 Rxe7 33. Qxe7 Ne6 34. Rf1 Qc7 35. Rxf7 Qxe7 36. Rxe7 Nc5 37. Rc7 Na4 38. Rc6 Kf7 39. Rxa6 Kg7 40. Kh2 Nc3 41. g4 g5 42. Kg3 h6 43. Kf3 Kf7 44. Ke3 Ke7 45. Kd4 Ne2+ 46. Ke5 Nf4 47. Rxh6 Kf7 48. Kf5 1-0


[Site "https://www.chess.com"]

[Event "Titled Tuesday Blitz August 16 Early 2022"]
[White "Papayan, Oleg"]
[Black "Sovetbekova, Nurai"]
[WhiteFideId "4193911"]
[BlackFideId "13801910"]
[WhiteElo "2038"]
[BlackElo "1646"]
[Result "1-0"]
[Round "10"]
[TimeControl "180+2"]
[Date "2022.08.18"]
[WhiteClock "0:00:00"]
[BlackClock "0:00:00"]

1. e4 c5 2. Nf3 d6 3. d4 cxd4 4. Nxd4 Nf6 5. Nc3 a6 6. f3 e5 7. Nb3 Nbd7 8. g4 Be7 9. Be3 b5 10. Qd2 Bb7 11. O-O-O Qc7 12. Kb1 Nc5 13. g5 Nfd7 14. Nd5 Bxd5 15. Qxd5 Nb6 16. Qd2 Nxb3 17. cxb3 O-O 18. Rc1 Qb7 19. h4 Rfd8 20. Qa5 Nd7 21. Rc7 Qb8 22. Bh3 Nc5 23. Rxe7 Kf8 24. Qc7 Qxc7 25. Rxc7 a5 26. Rd1 Na6 27. Rd7 Rdc8 28. R7xd6 Rc7 29. Bb6 Rb7 30. Bxa5 Nc5 31. Bb4 Na6 32. Rd8# 1-0


[Site "https://www.chess.com"]

[Event "Titled Tuesday Blitz August 16 Early 2022"]
[White "Pastar, Slaven"]
[Black "Petrovic, Aleksa"]
[WhiteFideId "14402718"]
[BlackFideId "967629"]
[WhiteElo "2248"]
[BlackElo "2262"]
[Result "1-0"]
[Round "10"]
[TimeControl "180+2"]
[Date "2022.08.18"]
[WhiteClock "0:00:00"]
[BlackClock "0:00:00"]

1. b3 e5 2. Bb2 Nc6 3. Nf3 e4 4. Nd4 Bc5 5. Nxc6 dxc6 6. Bxg7 Nf6 7. Bxh8 Qd4 8. e3 Qxa1 9. Nc3 Qxd1+ 10. Kxd1 Bg4+ 11. Be2 Bxe2+ 12. Kxe2 1-0


[Site "https://www.chess.com"]

[Event "Titled Tuesday Blitz August 16 Early 2022"]
[White "Petrova, Irina"]
[Black "Schut, Han"]
[WhiteFideId "14124122"]
[BlackFideId "1005561"]
[WhiteElo "2021"]
[BlackElo "2024"]
[Result "1-0"]
[Round "10"]
[TimeControl "180+2"]
[Date "2022.08.18"]
[WhiteClock "0:00:00"]
[BlackClock "0:00:00"]

1. e4 c5 2. Nf3 d6 3. Bb5+ Bd7 4. Bxd7+ Qxd7 5. O-O Nf6 6. Re1 e6 7. c3 Nc6 8. d4 cxd4 9. cxd4 d5 10. e5 Ne4 11. Nbd2 Nxd2 12. Bxd2 Be7 13. Rc1 O-O 14. a3 Rfc8 15. Rc3 Nd8 16. Rd3 Qb5 17. Bc3 Nc6 18. h4 Na5 19. h5 h6 20. Nh2 Nc4 21. Qe2 Rc7 22. Rg3 Kf8 23. Qg4 Bg5 24. f4 Be7 25. Qxg7+ Ke8 26. Qxh6 Rac8 27. Qh8+ Kd7 28. Qg7 Nxb2 29. Bxb2 Qxb2 30. Nf3 Rc1 31. Rxc1 Qxc1+ 32. Kh2 Qxf4 33. h6 Rc3 34. h7 Rxf3 35. gxf3 Bh4 36. h8=Q Bxg3+ 37. Qxg3 Qd2+ 38. Kh3 Qh6+ 39. Qxh6 1-0


[Site "https://www.chess.com"]

[Event "Titled Tuesday Blitz August 16 Early 2022"]
[White "Piesik, Piotr"]
[Black "Baches Garcia, Guillermo"]
[WhiteFideId "1136194"]
[BlackFideId "2209764"]
[WhiteElo "2221"]
[BlackElo "2533"]
[Result "1/2-1/2"]
[Round "10"]
[TimeControl "180+1"]
[Date "2022.08.16"]
[WhiteClock "0:02:03"]
[BlackClock "0:00:31"]

1. Nf3 Nf6 2. g3 g6 3. Bg2 Bg7 4. O-O O-O 5. d4 d6 6. Nbd2 Nbd7 7. e4 e5 8. dxe5 dxe5 9. Qe2 Qe7 10. b3 Re8 11. Bb2 b6 12. Rfd1 Bb7 13. a4 Nc5 14. Ne1 Ba6 15. Nc4 Qe6 16. f3 Bxc4 17. Qxc4 Qxc4 18. bxc4 Rad8 19. Nd3 Nfd7 20. Bh3 Nxd3 21. cxd3 Nc5 22. Bf1 a5 23. Bc1 Nb3 24. Be3 Nxa1 25. Rxa1 c5 26. Rb1 Rd6 27. Kf2 f6 28. Ke2 h5 29. Bh3 Kh7 30. Bf2 Bh6 31. Rb3 Red8 32. Bg1 Kg7 33. Bf2 Kf7 34. Bg1 Ke7 35. Bf2 Kf7 36. Bg1 Ke7 37. Bf2 Kf7 1/2-1/2


[Site "https://www.chess.com"]

[Event "Titled Tuesday Blitz August 16 Early 2022"]
[White "Prydun, Andriy"]
[Black "Rios Escobar, Adan"]
[WhiteFideId "14145898"]
[BlackFideId "3403645"]
[WhiteElo "2163"]
[BlackElo "2276"]
[Result "1-0"]
[Round "10"]
[TimeControl "180+2"]
[Date "2022.08.18"]
[WhiteClock "0:00:00"]
[BlackClock "0:00:00"]

1. d4 Nf6 2. Nc3 d5 3. Bf4 e6 4. e3 a6 5. g4 h6 6. h4 c5 7. Qf3 cxd4 8. exd4 Nc6 9. Nge2 Qb6 10. O-O-O Bd7 11. g5 hxg5 12. hxg5 Rxh1 13. Qxh1 Ng4 14. Qh4 O-O-O 15. Bh3 e5 16. Bxg4 exf4 17. Nxf4 Nxd4 18. Nfxd5 Qc5 19. Bxd7+ Rxd7 20. Qxd4 Qxd4 21. Rxd4 Bc5 22. Rc4 b6 23. b4 b5 24. Rxc5+ Kd8 25. Rc6 f5 26. gxf6 gxf6 27. Rxf6 a5 28. bxa5 Rg7 29. a6 b4 30. a7 bxc3 31. a8=Q+ Kd7 32. Qc6+ Kd8 33. Rf8# 1-0


[Site "https://www.chess.com"]

[Event "Titled Tuesday Blitz August 16 Early 2022"]
[White "Qashashvili, Alexandre"]
[Black "Quispe Santacruz, Javier"]
[WhiteFideId "13600842"]
[BlackFideId "3800920"]
[WhiteElo "2316"]
[BlackElo "1929"]
[Result "1-0"]
[Round "10"]
[TimeControl "180+2"]
[Date "2022.08.18"]
[WhiteClock "0:00:00"]
[BlackClock "0:00:00"]

1. e4 e5 2. Nf3 Nc6 3. Bc4 Bc5 4. d3 Nf6 5. h3 d6 6. Be3 Bb6 7. Bxb6 axb6 8. a3 O-O 9. Nbd2 d5 10. exd5 Nxd5 11. Bxd5 Qxd5 12. O-O Re8 13. Re1 Bf5 14. Nf1 Rad8 15. Ng3 Bg6 16. Qe2 f6 17. Ne4 Nd4 18. Nxd4 Qxd4 19. Nc3 c6 20. Qe3 Qxe3 21. fxe3 b5 22. e4 Kf7 23. Kf2 Ke6 24. Ke3 Rd7 25. Ne2 Ra8 26. Rf1 Ra4 27. Nc3 Ra8 28. Ne2 Ra4 29. Rae1 b4 30. axb4 Rxb4 31. b3 c5 32. Ra1 b5 33. Ra6+ Rd6 34. Rfa1 c4 35. Rxd6+ Kxd6 36. Ra6+ Kc5 37. bxc4 bxc4 38. Nc3 cxd3 39. cxd3 Rb3 40. Nd5 Rb1 41. Ra5+ Kc6 42. Ne7+ Kb6 43. Ra2 Rb3 44. Nxg6 hxg6 45. Rc2 Ra3 46. Rc8 Ra7 47. h4 Rd7 48. g3 Kb7 49. Rc1 Kb6 50. g4 Kb7 51. h5 gxh5 52. gxh5 Kb6 53. Rf1 Kb7 54. h6 gxh6 55. Rxf6 1-0


[Site "https://www.chess.com"]

[Event "Titled Tuesday Blitz August 16 Early 2022"]
[White "Ramirez Vido, Robert Yorisan"]
[Black "Pinheiro, Iung Alicio de O."]
[WhiteFideId "3513823"]
[BlackFideId "2104350"]
[WhiteElo "2498"]
[BlackElo "2283"]
[Result "0-1"]
[Round "10"]
[TimeControl "180+1"]
[Date "2022.08.16"]
[WhiteClock "0:00:05"]
[BlackClock "0:00:39"]

1. f4 Nh6 2. Nf3 g6 3. e3 Bg7 4. Be2 O-O 5. O-O b6 6. Nc3 Bb7 7. d3 d5 8. Bd2 c5 9. a4 Nc6 10. Qe1 Nf5 11. g4 Nxe3 12. Bxe3 d4 13. Bd2 dxc3 14. Bxc3 Nd4 15. Nxd4 Bxd4+ 16. Bxd4 Qxd4+ 17. Qf2 Qxb2 18. c4 Qf6 19. f5 Kh8 20. fxg6 Qxf2+ 21. Rxf2 hxg6 22. a5 g5 23. Bf3 Bxf3 24. Rxf3 f6 25. Re3 e5 26. Kf2 Kg7 27. Re2 Rad8 28. Ke3 Rf7 29. Rb2 Rfd7 30. Ra3 Rd6 31. Rab3 Kg6 32. axb6 axb6 33. Rb1 Rh8 34. Rxb6 Rh3+ 35. Kf2 Rdxd3 36. Kg1 Rh4 37. Rf1 Rxg4+ 38. Kh1 Rf4 39. Rxf4 gxf4 40. Rc6 e4 41. Rxc5 f3 42. Kg1 e3 43. h4 Rd1+ 44. Kh2 e2 0-1


[Site "https://www.chess.com"]

[Event "Titled Tuesday Blitz August 16 Early 2022"]
[White "Reprintsev, Alexander"]
[Black "Sharapov, Evgeny"]
[WhiteFideId "14100541"]
[BlackFideId "14103133"]
[WhiteElo "2108"]
[BlackElo "2367"]
[Result "1/2-1/2"]
[Round "10"]
[TimeControl "180+2"]
[Date "2022.08.18"]
[WhiteClock "0:00:00"]
[BlackClock "0:00:00"]

1. e4 c5 2. b3 Nc6 3. Bb2 e5 4. f4 exf4 5. Qf3 Qh4+ 6. g3 fxg3 7. hxg3 Qe7 8. Bc4 Nf6 9. Bxf6 Qxf6 10. Qxf6 gxf6 11. Nc3 Bd6 12. Nge2 Nd4 13. O-O-O Nxe2+ 14. Nxe2 Be5 15. c3 Ke7 16. d4 cxd4 17. cxd4 Bd6 18. Kb2 b6 19. Bd5 Rb8 20. Rdf1 Ba6 21. Bc4 Bxc4 22. bxc4 Rbg8 23. Rf3 Rg4 24. Re3 h5 25. Kc3 h4 26. gxh4 Rhxh4 27. Rxh4 Rxh4 28. Kd3 Rh1 29. Nc3 Rg1 30. Nd5+ Ke6 31. Kc2 Rg2+ 32. Kb1 Rd2 33. Rf3 Rxd4 34. Rxf6+ Ke5 35. Rxf7 Rxc4 36. Rxd7 Ba3 37. Rc7 Rxe4 38. Nc3 Rb4+ 39. Kc2 Rb2+ 40. Kd3 a5 41. Rb7 Bb4 42. Na4 Rxa2 43. Nxb6 Rd2+ 44. Kc4 Rd4+ 45. Kb3 Rd3+ 46. Kb2 Kd4 47. Rc7 Bc3+ 48. Ka2 Rd2+ 49. Ka3 Bb4+ 50. Ka4 Ra2+ 51. Kb5 Rb2 52. Ka4 Ra2+ 53. Kb3 Ra3+ 54. Kb2 Rh3 55. Rc4+ Kd3 56. Rg4 Rh2+ 57. Kb3 Rh3 58. Ka4 Kc3 59. Nd5+ Kd3 60. Nxb4+ axb4 61. Rxb4 Ke2 62. Rb3 Rxb3 63. Kxb3 1/2-1/2


[Site "https://www.chess.com"]

[Event "Titled Tuesday Blitz August 16 Early 2022"]
[White "Roman, Rodrigo"]
[Black "Quirke, Jeffrey"]
[WhiteFideId "3701220"]
[BlackFideId "2013029"]
[WhiteElo "2001"]
[BlackElo "2048"]
[Result "0-1"]
[Round "10"]
[TimeControl "180+2"]
[Date "2022.08.18"]
[WhiteClock "0:00:00"]
[BlackClock "0:00:00"]

1. e4 e5 2. Nf3 Nc6 3. Bb5 a6 4. Ba4 d6 5. O-O Bd7 6. c3 g5 7. d4 g4 8. Ne1 h5 9. Bxc6 Bxc6 10. d5 Bd7 11. f4 gxf3 12. Qxf3 Qe7 13. Bg5 f6 14. Bxf6 Nxf6 15. Qxf6 Qxf6 16. Rxf6 Be7 17. Rf2 c6 18. c4 Bd8 19. Rc2 Bb6+ 20. Kf1 Rf8+ 21. Nf3 cxd5 22. exd5 Bf5 23. Rd2 Kd7 24. h3 Rac8 25. b3 e4 26. Nd4 e3 27. Nxf5 exd2 28. Nxd2 Rxf5+ 29. Ke2 Re8+ 30. Kd3 Re3+ 31. Kc2 Rf2 32. b4 Ree2 33. Rd1 Be3 34. Kd3 Bxd2 35. g3 Bxb4 36. Rb1 a5 37. a3 Rb2 38. Ra1 Bc5 39. Ke4 Rbe2+ 40. Kd3 Re3# 0-1


[Site "https://www.chess.com"]

[Event "Titled Tuesday Blitz August 16 Early 2022"]
[White "Rostomyan, Mikayel"]
[Black "Agasarov, Benik"]
[WhiteFideId "13313754"]
[BlackFideId "13314823"]
[WhiteElo "1426"]
[BlackElo "2152"]
[Result "0-1"]
[Round "10"]
[TimeControl "180+1"]
[Date "2022.08.16"]
[WhiteClock "0:00:01"]
[BlackClock "0:00:36"]

1. e4 e5 2. Nf3 Nc6 3. Nc3 Nf6 4. Nxe5 Nxe5 5. d4 Ng6 6. e5 Ng8 7. Bc4 d5 8. Bxd5 c6 9. Bb3 Be6 10. Be3 N8e7 11. h4 Nd5 12. h5 Nge7 13. Ne4 Nxe3 14. fxe3 Nd5 15. Qf3 b5 16. h6 Qa5+ 17. c3 O-O-O 18. Ng5 gxh6 19. Nxf7 Bxf7 20. Qxf7 Qc7 21. Qf3 Be7 22. e4 Nb6 23. O-O-O a5 24. Kc2 a4 25. Be6+ Kb7 26. Rxh6 Rdf8 27. Qe2 Bg5 28. Rh5 h6 29. Rhh1 Qe7 30. d5 Qc5 31. dxc6+ Ka6 32. Bd5 Rf2 33. Rhe1 Rxe2+ 34. Rxe2 b4 35. Rd3 Rf8 36. b3 Rf2 37. Kd1 Rxe2 38. Kxe2 bxc3 39. Bc4+ Nxc4 40. Rxc3 axb3 41. axb3 Qxc6 42. Rxc4 Qb5 43. Kf2 Qxb3 44. Rc6+ Kb5 45. Rd6 Qb2+ 46. Kf3 Qc3+ 47. Kg4 Qe3 48. Kf5 Qf4+ 49. Ke6 Qxe4 0-1


[Site "https://www.chess.com"]

[Event "Titled Tuesday Blitz August 16 Early 2022"]
[White "Rostovtsev, Dmitry"]
[Black "Janaszak, Dawid"]
[WhiteFideId "34278320"]
[BlackFideId "1119206"]
[WhiteElo "2295"]
[BlackElo "2165"]
[Result "1-0"]
[Round "10"]
[TimeControl "180+1"]
[Date "2022.08.16"]
[WhiteClock "0:00:04"]
[BlackClock "0:00:10"]

1. d4 d5 2. Nf3 c6 3. g3 Bf5 4. Bg2 e6 5. O-O h6 6. c4 Nf6 7. Nc3 Be7 8. cxd5 exd5 9. Ne5 O-O 10. Bf4 Nbd7 11. Rc1 Nb6 12. Qb3 Ne8 13. a4 a5 14. Qa2 Nd6 15. b3 Bg5 16. Qd2 Bxf4 17. Qxf4 Qg5 18. Nxc6 bxc6 19. Qxd6 Rac8 20. Qc5 Nd7 21. Qxa5 Rfe8 22. e3 h5 23. Qa6 h4 24. Nxd5 Nb8 25. Qa5 cxd5 26. Qxd5 hxg3 27. hxg3 Rcd8 28. Qf3 Nd7 29. Qf4 Qg6 30. a5 Nf6 31. Rc5 Bd3 32. Rfc1 Ne4 33. Re5 Rxe5 34. Qxe5 Nd2 35. Rc6 Qg4 36. Rc1 Nf3+ 37. Bxf3 Qxf3 38. Qf4 Qd5 39. b4 Qb5 40. Rc7 Rf8 41. d5 Qxd5 42. Qd4 Qf5 43. Rc5 Qg6 44. b5 Be4 45. b6 Qg4 46. Rc4 f5 47. Qe5 Qf3 48. Qe6+ Kh7 49. Rxe4 fxe4 50. Qh3+ Kg8 51. Qg2 Qd1+ 52. Qf1 Qa4 53. a6 Rb8 54. b7 Qc6 55. Qe2 Qb6 56. Kg2 Kf7 57. Qc4+ Kf8 58. Qxe4 Qxa6 59. Qf4+ Ke7 60. Qxb8 Qc6+ 61. Kh2 Qf6 62. Qc7+ Ke6 63. Qf4 Qb2 64. b8=Q Qb1 65. Qbe5+ Kd7 66. Qfd4+ Kc6 67. Qec5+ Kb7 68. Qdb4+ Ka8 69. Qxb1 g5 70. Qc8+ Ka7 71. Qcb7# 1-0


[Site "https://www.chess.com"]

[Event "Titled Tuesday Blitz August 16 Early 2022"]
[White "Salem, A.R. Saleh"]
[Black "Hess, Robert"]
[WhiteFideId "9301348"]
[BlackFideId "2022036"]
[WhiteElo "2674"]
[BlackElo "2557"]
[Result "1/2-1/2"]
[Round "10"]
[TimeControl "180+1"]
[Date "2022.08.16"]
[WhiteClock "0:00:07"]
[BlackClock "0:00:05"]

1. d4 Nf6 2. c4 e6 3. Nc3 d5 4. cxd5 exd5 5. Bg5 Bb4 6. e3 h6 7. Bh4 g5 8. Bg3 Ne4 9. a3 Nxc3 10. Qb3 Ba5 11. bxc3 O-O 12. Bd3 c5 13. dxc5 Nd7 14. Bd6 Re8 15. Ne2 b6 16. cxb6 Qxb6 17. Qxb6 axb6 18. Bb5 d4 19. O-O Re6 20. Bb4 dxe3 21. Nd4 Re5 22. fxe3 Nf8 23. Rae1 Bxb4 24. axb4 Ra3 25. Bc4 Ne6 26. Nb5 Ra8 27. Nd6 Ba6 28. Bxa6 Rxa6 29. Nxf7 Re4 30. Nxh6+ Kg7 31. Nf5+ Kg6 32. Nd4 Nc7 33. Ra1 Rxa1 34. Rxa1 Rxe3 35. Rc1 Nd5 36. Nb5 Rd3 37. h3 Rd2 38. Re1 Nf4 39. g3 Rg2+ 40. Kh1 Rxg3 41. Nd6 Rxh3+ 42. Kg1 Rxc3 43. Re5 Rc1+ 44. Kh2 Rc2+ 45. Kg1 Nd3 46. Re6+ Kh5 47. b5 Rb2 48. Re4 Rb1+ 49. Kg2 Nf4+ 50. Kf2 Rb2+ 51. Ke1 Nd3+ 52. Kf1 g4 53. Rd4 Rb1+ 54. Ke2 Nc5 55. Rd5+ Kh4 56. Nf5+ Kh3 57. Rd6 g3 58. Rh6+ Kg4 59. Ne3+ Kf4 60. Rh4+ Ke5 61. Nc4+ Kf5 62. Ne3+ Kf6 63. Rh6+ Kg5 64. Rxb6 g2 65. Nxg2 Na4 66. Rb8 Nc3+ 67. Kd3 Nxb5 68. Ne3 Rb3+ 69. Kc4 Rxe3 70. Rxb5+ Kf4 71. Rd5 Re4+ 72. Rd4 Rxd4+ 73. Kxd4 1/2-1/2


[Site "https://www.chess.com"]